Map: White Rabbit LE

Players

waze - Winner!

  • Race: Protoss Protoss
  • League: Gold
  • Spawn Location: 7:00

SCIInewby

  • Race: Zerg Zerg
  • League: Master
  • Spawn Location: 1:00

VOD

Have the link to the VOD?

Description

Time

  • Played on: Feb. 5, 2026, 1:52 p.m.
  • Length: 23:01
Show
View Real Time Build Order
Export as new Build Order

waze Protoss - Winner!

Build Orders: Zealot Archon, Archon Drop, Dark Templar Rush 

Get SALT Encoding   

  12  0:01  Probe  
  13  0:13  Probe  
  14  0:20  Pylon  
  14  0:25  Probe  
  15  0:38  Probe, Gateway  
  16  0:45  Assimilator  
  16  0:50  Probe  
  17  1:01  Assimilator  
  17  1:02  Probe  
  18  1:14  Probe  
  19  1:20  Pylon  
  19  1:26  Probe  
  19  1:27  Cybernetics Core  
  20  1:38  Probe  
  21  1:42  Forge  
  21  1:44  Warp Gate  
  21  1:46  Probe  
  22  1:54  Probe  
  23  2:13  Gateway  
  23  2:17  Photon Cannon  
  23  2:24  Gateway  
  23  2:26  Protoss Ground Weapons Level 1  
  23  2:29  Pylon  
  23  2:38  Twilight Council  
  23  2:56  Robotics Facility  
  23  3:14  Gateway  
  23  3:16  Dark Shrine  
  23  3:43  Warp Prism  
  25  4:30  Protoss Ground Weapons Level 2  
  25  4:39  Warp Prism  
  27  4:54  Dark Templar  
  27  4:55  Dark Templar x2  
  33  5:05  Dark Templar  
  35  5:07  Archon  
  35  5:11  Archon  
  35  5:39  Dark Templar  
  35  5:42  Zealot  
  27  6:47  Nexus  
  27  6:52  Pylon  
  27  6:56  Pylon  
  27  7:01  Pylon  
  27  7:05  Dark Templar x2  
  27  7:06  Dark Templar x2  
  35  7:11  Archon  
  35  7:14  Archon  
  35  7:19  Photon Cannon  
  35  7:23  Photon Cannon  
  35  7:26  Photon Cannon  
  35  7:30  Photon Cannon  
  35  7:52  Photon Cannon  
  35  7:59  Probe  
  36  8:05  Nexus  
  36  8:10  Probe  
  37  8:15  Pylon  
  37  8:18  Probe  
  37  8:26  Probe  
  38  8:28  Pylon  
  38  8:31  Assimilator  
  39  8:35  Assimilator  
  39  8:37  Protoss Ground Armor Level 1, Probe  
  40  8:43  Gateway  
  40  8:45  Gateway  
  40  8:49  Probe  
  41  9:10  Assimilator  
  41  9:20  Stalker x3  
  47  9:24  Stalker  
  47  9:37  Pylon, Stalker  
  49  9:46  Probe  
  49  9:49  Probe  
  51  9:56  Probe  
  51  9:59  Stalker  
  54  10:01  Probe  
  54  10:04  Probe  
  55  10:12  Probe  
  55  10:13  Probe  
  57  10:16  Pylon  
  57  10:20  Probe  
  58  10:25  Probe  
  60  10:28  Probe  
  60  10:31  Photon Cannon  
  61  10:37  Probe  
  61  10:41  Probe  
  59  10:47  Stalker  
  59  10:48  Stalker x2  
  59  10:49  Stalker  
  67  11:04  Stalker x2  
  68  11:15  Stalker  
  68  11:16  Stalker x2  
  74  11:33  Assimilator  
  72  11:52  Stalker x2  
  72  11:53  Stalker  
  76  12:05  Dark Templar  
  76  12:06  Dark Templar x2  
  58  13:07  Probe  
  59  13:13  Protoss Ground Armor Level 2  
  59  13:15  Pylon  
  59  13:19  Probe  
  58  13:26  Dark Templar  
  60  13:30  Stalker  
  60  13:31  Probe  
  63  13:39  Archon x2  
  63  13:41  Stalker  
  63  13:42  Stalker  
  63  13:43  Probe  
  68  13:55  Probe  
  69  14:06  Photon Cannon  
  69  14:13  Dark Templar x3  
  75  14:18  Archon  
  75  14:35  Dark Templar  
  75  14:36  Dark Templar  
  79  14:41  Archon  
  80  14:52  Probe  
  80  15:00  Photon Cannon  
  80  15:05  Probe, Protoss Ground Weapons Level 3  
  80  15:06  Charge  
  81  15:08  Nexus  
  81  15:10  Pylon  
  81  15:15  Pylon  
  81  15:17  Probe  
  81  15:18  Stalker x3, Assimilator  
  81  15:19  Stalker x2  
  81  15:21  Zealot  
  94  15:29  Probe  
  95  15:39  Photon Cannon  
  95  15:42  Photon Cannon  
  95  15:45  Photon Cannon  
  95  15:48  Pylon  
  95  15:53  Assimilator  
  95  15:55  Stalker x2  
  95  15:56  Stalker  
  101  15:59  Zealot x2  
  101  16:00  Zealot  
  107  16:17  Probe  
  107  16:25  Probe  
  108  16:27  Stalker  
  108  16:28  Stalker x2  
  108  16:30  Probe  
  115  16:34  Probe  
  115  16:38  Probe  
  117  16:40  Dark Templar  
  117  16:45  Dark Templar  
  117  16:46  Probe x2  
  123  16:53  Archon  
  124  16:54  Probe  
  124  16:58  Zealot x3, Probe  
  132  17:05  Probe  
  132  17:07  Observer  
  129  17:10  Probe  
  131  17:20  Observer  
  131  17:23  Probe  
  133  17:35  Probe, Stalker x3  
  133  17:36  Stalker x2  
  144  17:37  Stalker, Observer  
  147  17:47  Probe  
  138  17:52  Protoss Ground Armor Level 3  
  90  18:19  Stalker x3  
  96  18:21  Stalker  
  98  18:51  Stalker x3  
  98  18:52  Stalker x2  
  108  19:43  Stalker x3  
  108  19:45  Zealot x2  
  114  19:46  Zealot  
  118  20:10  Gateway  
  118  20:11  Nexus  
  118  20:12  Pylon  
  118  20:15  Pylon  
  118  20:17  Pylon  
  118  20:21  Pylon  
  118  20:40  Stalker  
  118  20:42  Stalker x2  
  122  20:43  Stalker  
  122  21:22  Stalker  
  122  21:23  Stalker x3  
  130  21:34  Gateway  
  130  21:37  Gateway  
  130  21:40  Gateway  
  130  21:42  Probe  
  131  21:47  Pylon  
  131  21:51  Pylon  
  131  21:54  Probe  
  131  22:00  Pylon  
  132  22:06  Probe  
  113  22:32  Zealot x4  
  113  22:33  Zealot x2  
  113  22:34  Zealot  
Show
View Real Time Build Order
Export as new Build Order

SCIInewby Zerg 

Build Orders: Hatch First 

Get SALT Encoding   

  12  0:00  Drone  
  13  0:12  Overlord  
  13  0:16  Drone  
  14  0:31  Drone x2  
  14  0:35  Drone  
  17  0:54  Hatchery  
  16  1:01  Drone x2  
  18  1:12  Spawning Pool  
  18  1:14  Drone  
  18  1:19  Extractor  
  18  1:22  Drone, Extractor  
  17  1:29  Overlord  
  17  1:39  Drone  
  18  1:54  Drone  
  19  2:02  Drone  
  19  2:04  Queen  
  19  2:08  Queen  
  24  2:13  Drone  
  25  2:28  Roach Warren  
  25  2:29  Drone  
  25  2:32  Drone  
  25  2:36  Drone  
  27  2:40  Drone  
  28  2:48  Drone x2  
  30  2:58  Extractor  
  29  3:01  Extractor, Drone  
  29  3:02  Spine Crawler  
  28  3:08  Spore Crawler  
  27  3:15  Spine Crawler  
  27  3:16  Drone  
  27  3:19  Drone  
  28  3:23  Drone  
  29  3:32  Lair  
  29  3:39  Overlord  
  29  3:42  Drone  
  29  3:45  Drone  
  29  3:47  Drone  
  32  3:55  Drone x3  
  33  4:02  Overlord  
  35  4:04  Drone  
  36  4:11  Drone  
  36  4:12  Drone, Evolution Chamber  
  37  4:21  Drone x3  
  37  4:22  Drone  
  41  4:29  Drone x3  
  44  4:40  Spire  
  44  4:41  Roach  
  44  4:43  Roach  
  47  4:49  Roach  
  47  4:50  Roach  
  51  4:53  Drone  
  52  5:09  Overseer  
  52  5:16  Spore Crawler  
  51  5:24  Spine Crawler  
  51  5:28  Queen  
  48  5:32  Roach  
  52  5:36  Roach  
  52  5:40  Zergling x8  
  52  5:42  Zergling x4  
  52  5:43  Overlord  
  52  5:44  Overlord x4  
  40  6:22  Overseer  
  40  6:32  Spore Crawler  
  35  6:43  Overseer x2  
  35  6:49  Spire  
  35  6:50  Drone  
  35  6:51  Drone x7  
  42  7:00  Drone  
  43  7:16  Drone  
  43  7:17  Drone x2  
  43  7:21  Zerg Missile Weapons Level 1  
  46  7:27  Roach x2  
  50  7:34  Roach  
  54  7:37  Roach  
  54  7:39  Queen  
  56  7:54  Zergling x2  
  56  7:55  Zergling x4, Mutalisk  
  56  7:56  Mutalisk  
  63  8:01  Zergling x2  
  63  8:02  Zergling x4  
  66  8:10  Mutalisk, Zergling x2  
  66  8:12  Mutalisk  
  69  8:15  Mutalisk  
  73  8:25  Mutalisk  
  75  8:39  Zergling x2  
  76  8:47  Overlord x2  
  76  8:48  Overlord  
  76  8:50  Hatchery  
  69  9:04  Mutalisk x3  
  61  9:32  Mutalisk  
  61  9:33  Zergling x2  
  61  9:34  Zergling x8  
  61  9:37  Mutalisk  
  61  9:38  Mutalisk x3  
  76  9:52  Drone x3  
  79  9:53  Drone x2  
  79  9:56  Drone x2  
  83  10:00  Zergling x2  
  84  10:15  Queen  
  84  10:19  Drone  
  84  10:20  Drone x2  
  89  10:21  Zergling x2  
  90  10:29  Drone  
  90  10:30  Infestation Pit, Drone  
  84  10:47  Mutalisk x5  
  94  10:51  Queen  
  91  10:59  Mutalisk  
  91  11:00  Mutalisk x2  
  81  11:17  Mutalisk  
  81  11:18  Mutalisk x5  
  81  11:20  Drone  
  81  11:22  Drone  
  92  11:28  Extractor  
  92  11:31  Drone x2, Extractor, Mutalisk  
  94  11:38  Mutalisk x2  
  96  11:41  Mutalisk  
  98  11:49  Mutalisk  
  98  11:50  Zergling x4  
  98  11:53  Mutalisk  
  94  11:55  Zergling x2  
  95  12:07  Overlord  
  95  12:08  Overlord x3  
  78  12:16  Zergling x2  
  78  12:17  Zergling x10  
  79  12:41  Overseer  
  77  13:26  Drone  
  78  13:27  Drone x7  
  78  13:29  Hatchery  
  84  14:08  Infestation Pit  
  83  14:14  Mutalisk x2  
  83  14:15  Mutalisk x7  
  83  14:16  Mutalisk x3  
  92  14:28  Mutalisk  
  92  14:29  Mutalisk  
  94  14:35  Mutalisk x3  
  100  14:42  Extractor  
  100  14:44  Queen  
  100  14:45  Extractor  
  100  14:51  Mutalisk, Roach x3  
  111  14:58  Burrow  
  111  15:01  Overlord x3  
  111  15:08  Zergling x4  
  111  15:14  Overlord x5  
  113  15:45  Roach  
  113  15:48  Roach  
  135  15:50  Hatchery  
  135  15:51  Overlord  
  134  16:00  Hive  
  134  16:03  Mutalisk  
  134  16:09  Queen  
  138  16:25  Extractor  
  138  16:30  Extractor  
  136  17:06  Swarm Host  
  136  17:07  Swarm Host x8  
  178  17:18  Zerg Missile Weapons Level 2  
  178  17:26  Drone x4  
  182  17:43  Neural Parasite  
  116  18:06  Mutalisk, Roach x2  
  116  18:08  Mutalisk  
  114  18:15  Roach  
  99  18:38  Zergling x2  
  99  18:39  Zergling x54  
  99  18:40  Zergling x10  
  107  19:22  Overseer  
  98  19:40  Drone x5  
  98  19:41  Drone x6  
  98  19:43  Swarm Host x2  
  115  19:58  Swarm Host  
  87  21:00  Zergling x16  
  87  21:01  Zergling x48  
  87  21:02  Zergling x2  
  108  21:26  Roach  
  110  21:37  Metabolic Boost  
  110  21:53  Swarm Host  
  113  21:54  Mutalisk  
  113  21:55  Mutalisk x3  
  121  22:15  Mutalisk, Zergling x2  
  114  22:16  Zergling x10  
  114  22:17  Zergling x6  
  109  22:29  Zergling x2  
  95  22:30  Zergling x8  
  91  22:41  Zergling x2  
Tags
 
Add a new tag
Caveats
  • Supply blocks, unpowered buildings, or Contaminate may cause inaccurate times.
  • Supply counts are checked every 10 seconds.